Map: King's Cove LE

Players

MCanning - Winner!

  • Race: Protoss Protoss
  • Spawn Location: 11:00

Epic

  • Race: Terran Terran
  • League: Grandmaster
  • Spawn Location: 5:00

Event: 2019 WCS Winter Americas

VOD

Have the link to the VOD?

Description

Time

  • Played on: Feb. 16, 2019, 1:11 p.m.
  • Length: 10:51

All games in this series

Show
View Real Time Build Order
Export as new Build Order

MCanning Protoss - Winner!

Build Orders: 1 Gate Expand, Colossus Rush 

Get SALT Encoding   

  12  0:00  Probe  
  13  0:13  Probe  
  14  0:18  Pylon  
  14  0:25  Probe  
  15  0:33  Probe  
  15  0:37  Gateway  
  15  0:41  Probe  
  16  0:47  Assimilator  
  17  0:51  Probe  
  18  1:03  Probe  
  19  1:15  Probe  
  20  1:25  Nexus  
  20  1:35  Cybernetics Core  
  20  1:38  Probe  
  21  1:46  Assimilator  
  21  1:50  Probe  
  22  1:55  Pylon  
  22  2:03  Probe, Adept  
  23  2:14  Warp Gate  
  23  2:15  Probe  
  25  2:23  Stalker  
  25  2:27  Probe  
  28  2:39  Probe x2  
  30  2:50  Probe  
  31  2:51  Probe  
  31  2:57  Robotics Facility  
  32  2:58  Probe  
  32  3:03  Probe  
  34  3:06  Probe  
  35  3:15  Probe  
  35  3:17  Probe, Gateway  
  37  3:21  Gateway  
  37  3:27  Probe  
  37  3:29  Pylon  
  37  3:30  Probe  
  39  3:39  Observer, Probe  
  40  3:42  Probe  
  42  3:48  Robotics Bay  
  42  3:51  Probe  
  42  3:52  Pylon  
  42  3:54  Probe  
  42  3:55  Observer  
  44  3:57  Assimilator  
  44  3:59  Assimilator  
  45  4:04  Sentry, Probe  
  45  4:06  Probe  
  45  4:09  Observer  
  49  4:10  Pylon  
  49  4:14  Stalker  
  49  4:16  Probe  
  53  4:19  Stalker  
  53  4:20  Probe  
  56  4:28  Colossus, Probe  
  57  4:33  Probe  
  58  4:40  Probe  
  58  4:44  Extended Thermal Lance  
  65  4:45  Probe  
  65  4:49  Pylon  
  65  4:51  Forge  
  65  4:52  Probe  
  67  4:58  Probe  
  68  5:04  Probe  
  68  5:06  Colossus  
  69  5:08  Protoss Ground Weapons Level 1  
  69  5:17  Nexus  
  70  5:21  Probe  
  70  5:22  Probe  
  77  5:31  Pylon  
  77  5:38  Probe  
  77  5:41  Gateway  
  78  5:43  Gateway  
  78  5:50  Probe  
  78  5:53  Sentry x2  
  78  5:55  Stalker  
  85  5:59  Pylon  
  85  6:01  Twilight Council  
  85  6:03  Pylon  
  85  6:10  Gateway  
  85  6:13  Gateway  
  85  6:15  Pylon  
  85  6:16  Probe, Disruptor  
  89  6:23  Adept x2  
  93  6:28  Adept, Blink  
  93  6:30  Probe  
  96  6:45  Stalker x3  
  96  6:46  Stalker  
  104  6:53  Probe  
  104  6:54  Probe x2, Disruptor  
  107  7:00  Adept  
  112  7:05  Assimilator, Probe  
  112  7:06  Probe  
  112  7:07  Assimilator  
  114  7:19  Adept x3  
  114  7:20  Adept x2  
  124  7:23  Disruptor  
  119  7:43  Protoss Ground Armor Level 1  
  113  7:45  Stalker x5  
  117  7:55  Probe  
  112  8:00  Probe  
  112  8:02  Probe  
  112  8:04  Nexus  
  110  8:05  Pylon  
  110  8:09  Zealot x2  
  110  8:10  Zealot x3  
  120  8:16  Robotics Facility  
  120  8:17  Forge  
  118  8:21  Dark Shrine  
  118  8:22  Pylon  
  112  8:29  Stalker x2  
  112  8:30  Stalker x2  
  114  8:38  Probe  
  115  8:43  Disruptor  
  115  8:46  Probe  
  108  8:57  Stalker  
  108  8:58  Stalker x4  
  108  8:59  Observer  
  108  9:01  Probe  
  113  9:06  Photon Cannon, Shield Battery  
  113  9:09  Disruptor, Pylon  
  116  9:21  Warp Prism  
  118  9:27  Adept  
  118  9:28  Adept x4  
  128  9:39  Assimilator  
  128  9:41  Dark Templar  
  128  9:43  Assimilator  
  128  9:44  Dark Templar  
  132  9:59  Dark Templar  
  134  10:00  Disruptor  
  137  10:12  Stalker x3  
  137  10:13  Stalker x2  
  132  10:30  Adept  
  132  10:34  Adept  
  136  10:40  Stalker x3  
  136  10:41  Stalker x2  
Show
View Real Time Build Order
Export as new Build Order

Epic Terran 

Build Orders: Reaper Expand 

Get SALT Encoding   

  12  0:00  SCV  
  13  0:12  SCV  
  14  0:17  Supply Depot  
  14  0:24  SCV  
  15  0:39  SCV  
  15  0:40  Barracks  
  16  0:45  Refinery  
  16  0:51  SCV  
  17  1:03  SCV  
  18  1:15  SCV  
  19  1:28  Reaper, Orbital Command  
  20  1:48  Command Center  
  20  1:54  SCV  
  20  2:00  Barracks Reactor  
  21  2:06  SCV, Supply Depot  
  22  2:11  Refinery  
  22  2:19  SCV  
  23  2:23  Factory  
  23  2:31  SCV  
  23  2:36  Marine x2  
  26  2:43  SCV  
  27  2:55  SCV  
  27  2:56  Marine x2  
  30  3:00  Orbital Command  
  30  3:06  Factory Tech Lab  
  30  3:07  SCV  
  30  3:09  Starport  
  31  3:14  Marine x2  
  33  3:21  SCV  
  33  3:24  Cyclone  
  33  3:25  SCV  
  38  3:32  Marine  
  38  3:33  SCV, Marine  
  41  3:44  SCV  
  41  3:45  SCV  
  41  3:46  Viking  
  45  3:56  Command Center  
  45  4:01  Barracks  
  45  4:09  Supply Depot  
  46  4:14  Stimpack  
  46  4:16  Factory Tech Lab  
  45  4:17  Barracks  
  45  4:21  SCV  
  46  4:25  Supply Depot  
  46  4:30  SCV  
  47  4:37  SCV  
  47  4:41  Starport Reactor, Engineering Bay  
  47  4:43  SCV  
  48  4:48  Engineering Bay, Factory Reactor  
  48  4:50  Marauder, Marine x2  
  52  4:53  SCV  
  52  4:55  SCV  
  54  5:02  Refinery  
  54  5:06  SCV  
  55  5:07  Terran Infantry Weapons Level 1, SCV  
  55  5:08  Supply Depot  
  55  5:10  Marine x2  
  55  5:12  Orbital Command  
  58  5:18  SCV  
  58  5:19  SCV, Medivac  
  62  5:22  Combat Shield  
  62  5:26  Marauder  
  62  5:28  Marauder  
  66  5:31  Orbital Command, Widow Mine  
  66  5:33  Widow Mine  
  66  5:35  SCV x2  
  72  5:43  Supply Depot  
  72  5:45  Marine  
  72  5:46  Marine  
  72  5:48  Marauder  
  72  5:49  Marauder  
  78  5:51  SCV  
  78  5:52  SCV  
  78  5:53  Refinery  
  78  5:55  Medivac  
  82  5:59  SCV  
  82  6:03  SCV  
  84  6:04  SCV, Medivac  
  84  6:06  Supply Depot  
  84  6:11  SCV  
  88  6:15  Marauder x2, SCV  
  88  6:16  Concussive Shells  
  93  6:21  Supply Depot  
  93  6:23  Supply Depot  
  97  6:34  Barracks  
  97  6:35  SCV x3, Barracks  
  89  6:42  Viking x2  
  93  6:48  SCV x3  
  93  6:50  Marauder, Marine  
  93  6:52  Marine  
  100  7:05  SCV x3  
  100  7:07  Starport  
  103  7:11  Marine x2  
  103  7:12  Supply Depot  
  103  7:13  Supply Depot  
  101  7:28  Viking x2  
  96  7:41  Marauder x2, Barracks Tech Lab  
  96  7:42  Marine  
  96  7:44  Liberator x2, Barracks Reactor  
  62  8:02  Marauder x2  
  71  8:12  Marine  
  71  8:13  Marauder, Marine  
  71  8:19  SCV  
  74  8:23  Marauder x2  
  72  8:27  Marine x2  
  72  8:30  Marine  
  72  8:34  Marauder  
  72  8:36  Marine  
  73  8:45  Marauder  
  73  8:46  Marauder, Marine  
  78  8:50  Marine x2  
  78  8:53  Orbital Command  
  78  8:54  Marine  
  67  8:56  Marauder  
  67  9:01  SCV x2  
  69  9:05  Medivac  
  71  9:13  SCV x2  
  73  9:18  SCV  
  73  9:21  Medivac x2  
  77  9:26  SCV  
  77  9:27  SCV  
  77  9:28  Marauder  
  77  9:30  SCV  
  82  9:31  Liberator  
  82  9:32  Marauder  
  82  9:34  Marauder  
  82  9:35  Liberator  
  86  9:40  SCV x2  
  86  9:42  SCV  
  89  9:52  SCV x2  
  97  9:54  SCV  
  97  9:55  Marine x4  
  102  10:03  Marauder x3  
  102  10:05  SCV x2  
  102  10:07  SCV  
  108  10:17  SCV  
  109  10:23  SCV x2  
  106  10:29  SCV  
  90  10:42  Missile Turret  
Tags
 
Add a new tag
Caveats
  • Supply blocks, unpowered buildings, or Contaminate may cause inaccurate times.
  • Supply counts are checked every 10 seconds.